 Dungeon Crawl Stone Soup version 0.21.1-1-g345015f (webtiles) character file.

35 kae the Firebug (level 3, 0/19 HPs)
             Began as a Tengu Fire Elementalist on Apr 5, 2018.
             Slain by a hobgoblin (1 damage)
             ... on level 2 of the Dungeon.
             The game lasted 00:01:32 (1149 turns).

kae the Firebug (Tengu Fire Elementalist)           Turns: 1149, Time: 00:01:33

Health: 0/19       AC:  2    Str:  8    XL:     3   Next: 35%
Magic:  4/7        EV: 12    Int: 16    God:
Gold:   11         SH:  0    Dex: 14    Spells: 5/6 levels left

rFire    . . .     SeeInvis .   j - +0 club
rCold    . . .     Gourm    .   (no shield)
rNeg     . . .     Faith    .   a - +0 robe
rPois    +         Spirit   .   (helmet restricted)
rElec    .         Reflect  .   (no cloak)
rCorr    .         Harm     .   (no gloves)
MR       .....                  (boots unavailable)
Stlth    ++........             (no amulet)
HPRegen  0.06/turn              d - ring of poison resistance
MPRegen  0.10/turn              (no ring)

@: no status effects
A: beak, talons 3
a: no special abilities


You were on level 2 of the Dungeon.
You were not hungry.

You visited 1 branch of the dungeon, and saw 2 of its levels.

You collected 11 gold pieces.

Inventory:

Hand Weapons
 j - a +0 club (weapon)
Armour
 a - a +0 robe (worn)
Jewellery
 d - a ring of poison resistance (left hand)
Scrolls
 e - a scroll of noise {unknown}
 f - 2 scrolls of teleportation {unknown}
 i - 3 scrolls of identify {unknown}
 l - a scroll of fog {unknown}
 m - a scroll of enchant armour {unknown}
Potions
 g - a potion of lignification {unknown}
 h - a potion of might {unknown}
 k - a potion of invisibility {unknown}
Books
 b - a book of Flames

   Spells                             Type                      Level
   a - Flame Tongue                   Conjuration/Fire             1
   b - Throw Flame                    Conjuration/Fire             2
   c - Conjure Flame                  Conjuration/Fire             3
   d - Inner Flame                    Hexes/Fire                   3
   e - Sticky Flame                   Conjuration/Fire             4
   f - Fireball                       Conjuration/Fire             5
Comestibles
 c - 2 rations


   Skills:
 - Level 2.1 Dodging
 - Level 2.0 Stealth
 + Level 2.3 Spellcasting
 * Level 2.9 Conjurations
 * Level 3.9 Fire Magic


You had 5 spell levels left.
You knew the following spells:

 Your Spells              Type           Power        Failure   Level  Hunger
a - Flame Tongue          Conj/Fire      ##...        4%          1    #......


Dungeon Overview and Level Annotations

Branches:
Dungeon (2/15)

Altars:


Innate Abilities, Weirdness & Mutations

You have a beak for a mouth.
You have claws for feet.


Message History

The jackal bites you. The hobgoblin hits you.
* * * LOW HITPOINT WARNING * * *
Casting: Flame Tongue
Confirm with . or Enter, or press ? or * to list all spells.
Aiming: Flame Tongue
Press: ? - help, Shift-Dir - straight line, f - hobgoblin
Aim: a hobgoblin The flame tongue misses the hobgoblin.
The hobgoblin hits you.
* * * LOW HITPOINT WARNING * * *
The jackal misses you.
Casting: Flame Tongue
Confirm with . or Enter, or press ? or * to list all spells.
Aiming: Flame Tongue
Press: ? - help, Shift-Dir - straight line, f/p - hobgoblin
Aim: a hobgoblin The flame tongue hits the hobgoblin.
The hobgoblin is heavily wounded.
The jackal misses you. The hobgoblin hits you.
You die...

##...........##...#
###............# ..
#....#.........#
...#..#.........#
.........#.#######
.....###.#........
............######
....####).gh##
#..##@h#########
#.###..........#
....##..........#
##...............#
##.###..........#
.. #......)..(#
#..<.......#
############


You could see 2 jackals and a hobgoblin.

Vanquished Creatures
  An ooze (D:1)
  A leopard gecko (D:1)
  6 bats
  A giant cockroach (D:1)
  5 goblins
  3 hobgoblins (D:1)
  A ball python (D:1)
  2 frilled lizards
  5 kobolds (D:1)
  7 rats (D:1)
32 creatures vanquished.

Notes
Turn   | Place    | Note
-------+----------+-------------------------------------------
     0 | D:1      | kae the Tengu Fire Elementalist began the quest for the Orb.
     0 | D:1      | Reached XP level 1. HP: 10/10 MP: 4/4
   259 | D:1      | Reached XP level 2. HP: 14/15 MP: 4/6
   498 | D:1      | Reached XP level 3. HP: 5/19 MP: 5/7
  1149 | D:2      | Slain by a hobgoblin

Skill      XL: |  1 |
---------------+----+-----
Conjurations   | 2 |  2.9
Dodging        | |  2.1
Stealth        | |  2.0
Spellcasting   | |  2.3
Fire Magic     | |  3.9

Action                   || total
-------------------------++-------
Melee: Unarmed           ||    20
       Kick              ||    14
       Peck              ||     3
       Club              ||    36
 Cast: Flame Tongue      ||    29
 Stab: Sleeping          ||     1
  Eat: Chunk             ||     1
Armor: Robe              ||    21
Dodge: Dodged            ||    59
